 Zot Defence DCSS version 0.14-a0-2080-ge317583 (webtiles) character file.

79 BluebellGnoll the Skirmisher (level 4, 4/28 (41) HPs)
             Began as a Lava Orc Berserker on Jan 25, 2014.
             Was a Follower of Trog.
             Quit the game in the Realm of Zot (Scenario II: Battle Heart).
             The game lasted 00:03:52 (304 turns).

BluebellGnoll the Skirmisher (Lava Orc Berserker)    Turns: 304, Time: 00:03:52

HP   4/28 (41)   AC  5     Str 20      XL: 4   Next: 17%
MP   4/4         EV 12     Int  7      God: Trog [*.....]
Gold 0           SH  0     Dex 10      Spells:  0 memorised,  3 levels left

rFire  + . .     SeeInvis .     a - +0 orc spear
rCold  . . .     Clarity  .     b - +0 animal skin
rNeg   . . .     Conserve .     (no shield)
rPois  .         rCorr    .     (no helmet)
rElec  .         rRot     .     (no cloak)
SustAb . .       Spirit   .     (no gloves)
rMut   .         Warding  .     (no boots)
Saprov + . .     Stasis   .     (no amulet)
MR     .....                    (no ring)
                                (no ring)

@: exhausted, mildly poisoned, slowed, very slow, not resistant to hostile
enchantments, unstealthy
A: conserve scrolls, saprovore 1
a: Make dart trap, Make oklob sapling, Make arrow trap, Make plant, Remove
Curse, Burn Spellbooks, Berserk, Renounce Religion


You were in the Realm of Zot.
You worshipped Trog.
Trog was aware of your devotion.
You were not hungry.

You visited 1 branch

Inventory:

Hand weapons
 a - a +0,+0 orcish spear (weapon)
 k - a +1,+2 whip of draining
Missiles
 j - 8 darts (quivered)
Armour
 b - a +0 animal skin (worn)
Comestibles
 d - a meat ration
Scrolls
 i - a scroll of blinking
Potions
 c - 3 potions of curing
 e - a potion of heal wounds
 f - a potion of speed
 g - 2 potions of magic
 h - a potion of berserk rage


   Skills:
 * Level 4.9 Fighting
 + Level 4.1 Polearms
 * Level 2.5 Armour
 * Level 1.9 Dodging


You had 3 spell levels left.
You didn't know any spells.

Dungeon Overview and Level Annotations

Branches:
    Zot (1/1)

Altars:


Innate Abilities, Weirdness & Mutations

You have stony skin.
Your flesh is heat resistant.
Your flesh is vulnerable to cold.
Your heat harms attackers.
You bathe your surroundings in blazing heat.
You are too hot to use scrolls.
You are very good at protecting items from fire.
You can tolerate rotten meat.


Message History

You throw a dart. The dart misses the bat.
Your flesh rots away as the Orb of Zot is desecrated.
* * * LOW HITPOINT WARNING * * *
Throwing (i - inventory):
j - 9 darts (quivered)
Press: ? - help, Shift-Dir - straight line, f/p - bat
Aim: a bat You throw a dart.
The dart misses the bat.
Your flesh rots away as the Orb of Zot is desecrated.
* * * LOW HITPOINT WARNING * * *
Your flesh rots away as the Orb of Zot is desecrated.
* * * LOW HITPOINT WARNING * * *
Your flesh rots away as the Orb of Zot is desecrated.
* * * LOW HITPOINT WARNING * * *
Your flesh rots away as the Orb of Zot is desecrated.
* * * LOW HITPOINT WARNING * * *
Your flesh rots away as the Orb of Zot is desecrated.
* * * LOW HITPOINT WARNING * * *
Your flesh rots away as the Orb of Zot is desecrated.
* * * LOW HITPOINT WARNING * * *
Are you sure you want to abandon this character and quit the game? (Confirm with "yes".)

..........▓ ▓∆▓∆▓∆▓▓▓∆▓∆▓∆▓ ▓
.........▓▓ ▓∆∆∆∆∆▓ ▓∆∆∆∆∆▓ ▓
.▓▓▓▓▓▓▓▓▓ ▓▓▓▓▓▓▓▓▓▓▓▓▓▓▓ ▓▓
▓▓.▓▓ ▓▓ ▓▓...▓▓ .▓▓▓ ▓▓.....▓▓
...▓▓▓ ▓▓▓▓▓▓▓.......▓▓▓▓▓▓▓
.....▓▓▓▓▓▓▓..........%........▓▓
...........(....@^^^^b^^^^^......
...........▓...................▓.
...........▓▓▓▓▓▓▓.......▓▓▓▓▓▓▓.
.........▓▓▓ ▓▓.....▓▓ ▓▓
........▓▓ ▓▓...▓▓ .......▓▓
▓▓.▓▓ .....▓▓▓ ▓▓▓ ..▓▓▓▓ ▓▓▓


You could see a bat.

Vanquished Creatures
  A worker ant (Zot)
  2 bats (Zot)
  4 oozes (Zot)
  A goblin (Zot)
  A kobold (Zot)
  A rat (Zot)
10 creatures vanquished.

Vanquished Creatures (others)
  2 kobolds (Zot)
  2 rats (Zot)
4 creatures vanquished.

Grand Total: 14 creatures vanquished

Notes
Turn   | Place    | Note
--------------------------------------------------------------
     0 | Zot      | BluebellGnoll, the Lava Orc Berserker, began the quest for the Orb.
     0 | Zot      | Reached XP level 1. HP: 19/19 MP: 1/1
   266 | Zot      | Noticed Boseef
   266 | Zot      | Reached skill level 4 in Fighting
   266 | Zot      | Reached XP level 2. HP: 22/27 MP: 2/2
   275 | Zot      | Killed Boseef the worker ant
   275 | Zot      | Reached XP level 3. HP: 34/35 MP: 3/3
   276 | Zot      | Reached XP level 4. HP: 38/41 MP: 4/4
   304 | Zot      | Quit the game

Action                   |  1- 3 |  4- 6 || total
-------------------------+-------+-------++-------
Melee: Spear             |    12 |     8 ||    20
Throw: Dart              |       |     3 ||     3
Invok: Burn Spellbooks   |     1 |       ||     1
       Berserk           |     1 |       ||     1
 Abil: Make dart trap    |    10 |       ||    10
